 Dungeon Crawl Stone Soup version 0.29.0-4-gdea44cf6ec (webtiles) character file.

Game seed: 15791221230327950626

163 qw the Chopper (level 5, -1/30 HPs)
             Began as a Tengu Warper on Aug 28, 2022.
             Slain by an endoplasm (3 damage)
             ... on level 2 of the Dungeon.
             The game lasted 00:00:14 (2746 turns).

qw the Chopper (Tengu Warper)                       Turns: 2746, Time: 00:00:14

Health: -1/30      AC:  0    Str: 14    XL:     5   Next: 44%
Magic:  9/9        EV:  7    Int: 13    God:
Gold:   90         SH:  0    Dex: 13    Spells: 8/8 levels left

rFire   . . .      SeeInvis .   Y - +0 hand axe
rCold   . . .      Faith    .   (no shield)
rNeg    . . .      Spirit   .   m - +0 chain mail
rPois   .          Reflect  .   (helmet restricted)
rElec   .          Harm     .   (no cloak)
rCorr   .          Rampage  .   (no gloves)
Will    .....                   (boots unavailable)
Stlth   ..........              (no amulet)
HPRegen 0.10/turn               (no ring)
MPRegen 0.11/turn               (no ring)

@: corroded, flying quickly and evasively, quick
A: beak, talons 3, nimble flight
a: no special abilities


You were on level 2 of the Dungeon.
You visited 1 branch of the dungeon, and saw 2 of its levels.

You collected 90 gold pieces.


Innate Abilities, Weirdness & Mutations

You have a beak for a mouth.
You have claws for feet.
Your magical nature lets you fly swiftly and evasively.


   Skills:
 - Level 2.0 Fighting
 - Level 6.0 Axes
 - Level 1.0 Throwing
 + Level 1.1 Armour
 - Level 2.1 Dodging
 - Level 2.0 Spellcasting
 - Level 2.4 Translocations


You had 8 spell levels left.
You didn't know any spells.
Your spell library contained the following spells:

 Spells                   Type           Power      Damage    Failure   Level
 Blink                    Tloc           14%        N/A       99%         2
 Gell's Gravitas          Tloc           7%         N/A       100%        3
 Lesser Beckoning         Tloc           7%         N/A       100%        3
 Teleport Other           Tloc           7%         N/A       100%        3
 Manifold Assault         Tloc           7%         N/A       100%        5

Inventory:

Hand Weapons
 l - a +0 whip
 Y - a +0 hand axe (weapon)
Armour
 m - a +0 chain mail (worn)
Scrolls
 a - 3 scrolls of identify {unknown}
 b - a scroll of enchant armour {unknown}
 d - a scroll of poison {unknown}
 e - a scroll of fog {unknown}
 f - a scroll of enchant weapon {unknown}
Potions
 c - a potion of flight {unknown}
 h - a potion of heal wounds {unknown}
 k - 2 potions of curing {unknown}
 n - a potion of berserk rage {unknown}

Dungeon Overview and Level Annotations

Branches:
Dungeon (2/15)

Altars:


Message History

You hit the endoplasm but do no damage.
You peck the endoplasm, but do no damage.
The endoplasm hits you but does no damage.
A jelly comes into view.
You hit the endoplasm but do no damage. You claw the endoplasm.
The endoplasm is lightly wounded.
The endoplasm hits you but does no damage.
You hit the endoplasm.
You kill the endoplasm!
An endoplasm comes into view.
You hit the jelly.
Your hands burn!
You peck the jelly, but do no damage.
The jelly is lightly wounded.
The jelly hits you but does no damage.
You hit the jelly but do no damage.
Your hands burn!
You claw the jelly, but do no damage.
The jelly is lightly wounded.
The jelly hits you.
You are splashed with acid!
You hit the jelly. The acid corrodes you!
Your hands burn!
You claw the jelly. Your peck misses the jelly.
The jelly is almost dead.
The jelly barely misses you.
An endoplasm comes into view.
2742 ||| Stepping ~*~*~tactically~*~*~ (stealth).
You hit the jelly but do no damage. The acid corrodes you!
Your hands burn!
You claw the jelly.
You kill the jelly!
Your Axes skill increases to level 6!
You hit the endoplasm but do no damage.
You claw the endoplasm, but do no damage.
The endoplasm completely misses you.
The endoplasm quivers.
You hit the endoplasm but do no damage.
You claw the endoplasm, but do no damage.
You peck the endoplasm, but do no damage.
The endoplasm barely misses you.
You hit the endoplasm but do no damage.
You claw the endoplasm, but do no damage.
You peck the endoplasm, but do no damage.
The endoplasm hits you.
You die...

#..##.....[....
#..##.##.#.##.
##.#######.####
#..........##. #.# .#
#.###...#.>... #.#### #
###. ..# #%...# ######
## #.# #.#### .....%#
######## #.# #.#
PP.PJ.'##......#####.###
#.### #J#.......##.#.[..
#.#.. #@#........'.#..##
#.#.# #.#........)....#
#.#.# #.#'#......).#..#
#.#.# #.#.#.....##.#..##
#.#.##
#)#.#....#####..#.
#.<..# ##.####### #..#.
###)## ### #.... #.####
####### #.... #.##.#
#.#..># ####.


You could see an endoplasm.

Vanquished Creatures
  A jelly (D:2)
  Jessica (D:2)
  4 adders (D:2)
  4 dart slugs (D:1)
  An orc (D:2)
  3 bats
  9 endoplasms
  A giant cockroach (D:2)
  5 goblins
  6 hobgoblins
  4 jackals (D:1)
  9 kobolds
  A quokka (D:2)
  4 ball pythons
  3 frilled lizards (D:1)
  5 rats
61 creatures vanquished.

Vanquished Creatures (others)
  2 fungi (D:2)
  8 toadstools (D:2)
10 creatures vanquished.

Grand Total: 71 creatures vanquished

Notes
Turn   | Place    | Note
-------+----------+-------------------------------------------
     0 | D:1      | qw the Tengu Warper began the quest for the Orb.
     0 | D:1      | Reached XP level 1. HP: 12/12 MP: 4/4
     0 | D:1      | 0 ||| qw: Version: 0.1-a-89-g26bdef1
     0 | D:1      | 0 ||| qw: Game counter: 2468
     0 | D:1      | 0 ||| qw: Always use a shield: true
     0 | D:1      | 0 ||| qw: God list: Okawaru
     0 | D:1      | 0 ||| qw: Allow faded altars: false
     0 | D:1      | 0 ||| qw: Do Orc after D:15 true
     0 | D:1      | 0 ||| qw: Do second Lair branch before Depths: true
     0 | D:1      | 0 ||| qw: Lair rune preference: random
     0 | D:1      | 0 ||| qw: Plans: Normal
     0 | D:1      | 0 ||| PLANNING D:1-11
     7 | D:1      | 7 ||| Stepping ~*~*~tactically~*~*~ (hiding).
    16 | D:1      | 16 ||| Stepping ~*~*~tactically~*~*~ (hiding).
    24 | D:1      | Reached XP level 2. HP: 9/17 MP: 6/6
    25 | D:1      | Reached skill level 3 in Axes
   187 | D:1      | 187 ||| Stepping ~*~*~tactically~*~*~ (hiding).
   552 | D:1      | 552 ||| Stepping ~*~*~tactically~*~*~ (stealth).
   554 | D:1      | 554 ||| Stepping ~*~*~tactically~*~*~ (stealth).
   556 | D:1      | 556 ||| Stepping ~*~*~tactically~*~*~ (hiding).
   562 | D:1      | 562 ||| Stepping ~*~*~tactically~*~*~ (stealth).
   567 | D:1      | 567 ||| Stepping ~*~*~tactically~*~*~ (stealth).
   579 | D:1      | Reached XP level 3. HP: 17/21 MP: 7/7
   992 | D:1      | 992 ||| Stepping ~*~*~tactically~*~*~ (stealth).
  1032 | D:1      | 1032 ||| Stepping ~*~*~tactically~*~*~ (stealth).
  1036 | D:1      | Reached skill level 4 in Axes
  1094 | D:1      | 1094 ||| Stepping ~*~*~tactically~*~*~ (stealth).
  1121 | D:1      | 1121 ||| Stepping ~*~*~tactically~*~*~ (stealth).
  1262 | D:1      | 1262 ||| DROPPING +0 club.
  1441 | D:1      | 1441 ||| UPGRADING to +3 leather armour.
  1451 | D:1      | 1451 ||| DROPPING +0 leather armour.
  1452 | D:1      | 1452 ||| UPGRADING to +0 chain mail.
  1462 | D:1      | 1462 ||| DROPPING +3 leather armour.
  1463 | D:1      | 1463 ||| READING scroll labelled DOHIR ACLIA.
  1464 | D:1      | 1464 ||| READING 3 scrolls labelled DICROTHRAEZI.
  1465 | D:1      | 1465 ||| READING scroll labelled KETZYL JOEV.
  1466 | D:1      | 1466 ||| READING scroll labelled SOCSEA ZIMAYT.
  1567 | D:1      | 1567 ||| DRINKING 2 sedimented amethyst potions.
  1618 | D:1      | 1618 ||| DROPPING scroll of blinking.
  1619 | D:1      | 1619 ||| DROPPING 2 scrolls of fear.
  1620 | D:1      | 1620 ||| DROPPING potion of lignification.
  1639 | D:2      | 1639 ||| Stepping ~*~*~tactically~*~*~ (stealth).
  1753 | D:2      | Reached XP level 4. HP: 26/26 MP: 8/8
  1812 | D:2      | Identified the +5 dagger "Lurreu" {vorpal, rN+ Str+3 Dex+4}
  1903 | D:2      | 1903 ||| Stepping ~*~*~tactically~*~*~ (stealth).
  1904 | D:2      | 1904 ||| Stepping ~*~*~tactically~*~*~ (stealth).
  1996 | D:2      | 1996 ||| Stepping ~*~*~tactically~*~*~ (stealth).
  2001 | D:2      | Noticed Jessica
  2002 | D:2      | 2002 ||| Stepping ~*~*~tactically~*~*~ (stealth).
  2012 | D:2      | Reached skill level 5 in Axes
  2018 | D:2      | Killed Jessica
  2307 | D:2      | Gained mutation: Your magical nature lets you fly swiftly
                  | and evasively. [Tengu growth]
  2307 | D:2      | Reached XP level 5. HP: 14/30 MP: 9/9
  2741 | D:2      | HP: 6/30 [acid (3)]
  2742 | D:2      | 2742 ||| Stepping ~*~*~tactically~*~*~ (stealth).
  2743 | D:2      | HP: 2/30 [acid (4)]
  2744 | D:2      | Reached skill level 6 in Axes
  2746 | D:2      | Slain by an endoplasm

Levels and vault maps discovered:
D:1:      co_arrival_square_in_a_square_in_a_square, layout_basic,
          minmay_pentomino_o2
D:2:      cheibrodos_fertilizer, layout_loops_ring, kennysheep_jessica_study

Skill      XL: |  1  2  3  4  5 |
---------------+----------------+-----
Axes           | 3 4 5 6 |  6.0
Fighting       | |  2.0
Throwing       | |  1.0
Armour         | |  1.1
Dodging        | |  2.1
Spellcasting   | |  2.0
Translocations | |  2.4

Action                   |  1- 3 |  4- 6 || total
-------------------------+-------+-------++-------
Melee: Hand axe          |    75 |    77 ||   152
       Kick              |    17 |    22 ||    39
       Peck              |    12 |     9 ||    21
       Punch             |     1 |       ||     1
Throw: Boomerang         |     7 |       ||     7
  Use: Scroll            |     4 |       ||     4
       Potion            |     1 |       ||     1
Armor: Leather armour    |    13 |       ||    13
       Chain mail        |     9 |    40 ||    49
Dodge: Dodged            |    38 |    30 ||    68

Table legend:
 A = Non-vault XP
 B = Vault XP
 C = Vault XP percentage of total XP
 D = Non-vault monster count
 E = Vault monster count
 F = Vault count percentage of total count
                 A         B        C        D         E       F
            +---------+---------+-------+---------+---------+-------
      Total |     136 |      98 |  41.9 |      49 |      12 |  19.7
            +---------+---------+-------+---------+---------+-------
        D:1 |      56 |       6 |   9.7 |      29 |       2 |   6.5
        D:2 |      80 |      92 |  53.5 |      20 |      10 |  33.3
            +---------+---------+-------+---------+---------+-------
